[Event "Titled Tuesday Blitz September 21 2021"]
[White "Djordjevic, Vuk"]
[Black "Devaev, Alexander"]
[WhiteFideId "902098"]
[BlackFideId "4169395"]
[WhiteElo "2463"]
[BlackElo "2185"]
[Result "1-0"]
[Round "04"]
[TimeControl "180+1"]
[Date "2021.09.21"]
[WhiteClock "0:01:05"]
[BlackClock "0:00:06"]

1. d4 Nf6 2. Bg5 Ne4 3. Bf4 c5 4. f3 Nf6 5. dxc5 Na6 6. Nc3 Nxc5 7. e4 d6 8. Qd2 e5 9. Be3 Ncd7 10. Bc4 a6 11. g4 b5 12. Bb3 Nb6 13. h4 Be7 14. Nge2 Be6 15. Ng3 Nc4 16. Bxc4 bxc4 17. g5 Nd7 18. Nf5 O-O 19. Nxd6 Qb8 20. O-O-O Rd8 21. Nf5 Bb4 22. a3 Bf8 23. h5 Qc7 24. Nd5 Qb7 25. g6 Bxf5 26. gxf7+ Kh8 27. Bg5 Nf6 28. Bxf6 gxf6 29. Rhg1 1-0


[Site "https://www.chess.com"]

[Event "Titled Tuesday Blitz September 21 2021"]
[White "Dudzinski, Pawel"]
[Black "Materia, Marco"]
[WhiteFideId "1117890"]
[BlackFideId "45150451"]
[WhiteElo "2193"]
[BlackElo "2616"]
[Result "1-0"]
[Round "04"]
[TimeControl "180+1"]
[Date "2021.09.21"]
[WhiteClock "0:00:15"]
[BlackClock "0:00:14"]

1. e4 c5 2. Nf3 e6 3. d4 cxd4 4. Nxd4 Nc6 5. Nc3 Qc7 6. Ndb5 Qb8 7. Be3 a6 8. Nd4 Nf6 9. f3 Be7 10. Qd2 O-O 11. g4 d6 12. g5 Nd7 13. h4 Nxd4 14. Bxd4 b5 15. h5 b4 16. Na4 Ne5 17. Be2 Bd8 18. O-O-O Bc7 19. Rdg1 Bd7 20. b3 Bxa4 21. bxa4 Qe8 22. f4 Nc6 23. Bb2 e5 24. g6 fxg6 25. Bc4+ Kh8 26. hxg6 h6 27. f5 Qxg6 28. Rxg6 Rf6 29. Rhxh6+ gxh6 30. Qxh6# 1-0


[Site "https://www.chess.com"]

[Event "Titled Tuesday Blitz September 21 2021"]
[White "Ekdyshman, Mikhail"]
[Black "Mirzoev, Azer"]
[WhiteFideId "4149416"]
[BlackFideId "13400304"]
[WhiteElo "2256"]
[BlackElo "2525"]
[Result "0-1"]
[Round "04"]
[TimeControl "180+1"]
[Date "2021.09.21"]
[WhiteClock "0:00:07"]
[BlackClock "0:00:54"]

1. e4 c6 2. d4 d5 3. exd5 cxd5 4. c4 Nf6 5. Nc3 e6 6. Nf3 Be7 7. Bd3 dxc4 8. Bxc4 O-O 9. O-O Nc6 10. a3 b6 11. Qd3 Bb7 12. Re1 Na5 13. Ba2 Bxf3 14. gxf3 Rc8 15. Be3 Qd7 16. Kh1 Rfd8 17. Rg1 g6 18. Rg3 Nc6 19. Rd1 Bf8 20. Ne4 Be7 21. Ng5 Bf8 22. Rh3 Bg7 23. b4 Ne7 24. Ne4 Ned5 25. Rg1 e5 26. Rhg3 Nxe3 27. Nxf6+ Bxf6 28. Rxg6+ hxg6 29. Qxg6+ Kf8 30. Qg8+ Ke7 31. Qxf7+ Kd6 32. Qxf6+ Kc7 33. Qxe5+ Qd6 34. Rg7+ Kb8 35. Qxd6+ Rxd6 36. fxe3 Rc1+ 37. Rg1 Rc3 38. Re1 Rxa3 39. Bc4 Rc6 40. Bf1 Rcc3 41. b5 Rxe3 42. Rxe3 Rxe3 43. Kg2 Kc7 44. Kf2 Ra3 45. h4 Kd6 46. h5 Ke7 47. Kg3 Ra1 48. Bd3 Kf6 49. h6 Rd1 50. h7 Kg7 51. Be4 Rxd4 52. Kf4 Rb4 53. Ke5 Rxb5+ 54. Ke6 a5 55. f4 Rb4 56. Bd3 Rxf4 57. Kd6 a4 58. Kc6 Rb4 59. Bc2 a3 0-1


[Site "https://www.chess.com"]

[Event "Titled Tuesday Blitz September 21 2021"]
[White "Erdogmus, Yagiz Kaan"]
[Black "Vakhlamov, Igor L."]
[WhiteFideId "44599790"]
[BlackFideId "24126748"]
[WhiteElo "1783"]
[BlackElo "2416"]
[Result "0-1"]
[Round "04"]
[TimeControl "180+1"]
[Date "2021.09.21"]
[WhiteClock "0:00:10"]
[BlackClock "0:00:17"]

1. e4 c5 2. Nf3 Nc6 3. Bb5 Nf6 4. Bxc6 dxc6 5. d3 Bg4 6. Nbd2 Qc7 7. h3 Bh5 8. O-O e6 9. Qe2 Nd7 10. Re1 f6 11. Nf1 Bd6 12. c3 O-O 13. d4 cxd4 14. cxd4 Rae8 15. Be3 Kh8 16. Rac1 Qa5 17. b3 a6 18. a4 e5 19. Ng3 exd4 20. Bxd4 Bxg3 21. fxg3 Re7 22. Qd3 Rfe8 23. Nh4 Bg6 24. Nxg6+ hxg6 25. Qf3 Ne5 26. Qe3 Nf7 27. Qd3 Kh7 28. h4 Ne5 29. Qe2 Rd7 30. Red1 Red8 31. Be3 Qb4 32. Rxd7 Rxd7 33. Qc2 Rd3 34. Bf4 Qxb3 35. Qe2 Nf7 36. Rf1 Qc4 37. Re1 Qd4+ 38. Kh1 Ra3 39. Qg4 Ra1 40. Rxa1 Qxa1+ 41. Kh2 Qd4 42. Qe6 Ne5 43. Bxe5 Qxe5 44. Qg4 b5 45. axb5 cxb5 46. Qc8 a5 47. Qa6 a4 48. Qa8 Qc5 49. Qe8 a3 50. Qe6 b4 51. g4 Qe5+ 52. Qxe5 fxe5 53. g5 a2 54. h5 a1=Q 55. hxg6+ Kxg6 56. g4 Qd4 57. Kh3 Qe3+ 58. Kh4 Qxg5+ 59. Kh3 b3 60. Kg3 b2 61. Kh3 b1=Q 62. Kg3 Qd3+ 63. Kg2 Qgd2+ 64. Kh1 Qb1# 0-1


[Site "https://www.chess.com"]

[Event "Titled Tuesday Blitz September 21 2021"]
[White "Estrada Nieto, Julian"]
[Black "Kwon, Sehyun"]
[WhiteFideId "5101018"]
[BlackFideId "13203088"]
[WhiteElo "2270"]
[BlackElo "1778"]
[Result "1-0"]
[Round "04"]
[TimeControl "180+1"]
[Date "2021.09.21"]
[WhiteClock "0:00:45"]
[BlackClock "0:00:02"]

1. e4 g6 2. d4 Bg7 3. Nc3 d6 4. Nf3 a6 5. a4 b6 6. Bc4 Bb7 7. O-O e6 8. Re1 Ne7 9. Bf4 h6 10. h4 O-O 11. Qd2 Kh7 12. Rad1 Nd7 13. Bd3 e5 14. dxe5 dxe5 15. Be3 Nc6 16. h5 Nf6 17. hxg6+ fxg6 18. Bc4 Qe8 19. Qe2 Nh5 20. Nd5 Qc8 21. Nh2 Nf4 22. Qg4 Qxg4 23. Nxg4 Rac8 24. c3 Rfd8 25. Bxf4 exf4 26. e5 Re8 27. Ndf6+ Kh8 28. Nxe8 Rxe8 29. e6 h5 30. Nh2 Ne5 31. Bd5 Bxd5 32. Rxd5 Rxe6 33. Kf1 c6 34. Rd8+ Kh7 35. Nf3 Re7 36. Rc8 Kh6 37. Nxe5 Bxe5 38. Rxc6 b5 39. axb5 axb5 40. Rc5 Bf6 41. Rxe7 Bxe7 42. Rxb5 1-0


[Site "https://www.chess.com"]

[Event "Titled Tuesday Blitz September 21 2021"]
[White "Gabrielian, Artur"]
[Black "Bortnyk, Olexandr"]
[WhiteFideId "4131002"]
[BlackFideId "14120828"]
[WhiteElo "2755"]
[BlackElo "2958"]
[Result "1-0"]
[Round "04"]
[TimeControl "180+1"]
[Date "2021.09.21"]
[WhiteClock "0:02:20"]
[BlackClock "0:00:40"]

1. e4 Nf6 2. e5 Nd5 3. d4 d6 4. c4 Nb6 5. exd6 exd6 6. Nf3 Be7 7. Nc3 O-O 8. h3 Bf5 9. Be2 Bf6 10. g4 Be6 11. g5 Be7 12. d5 Bf5 13. Nd4 Bd7 14. h4 c5 15. Nc2 Na6 16. a3 f6 17. f4 Na4 18. Nxa4 Bxa4 19. Bd3 b5 20. Bxh7+ Kxh7 21. Qh5+ Kg8 22. g6 Qa5+ 23. b4 1-0


[Site "https://www.chess.com"]

[Event "Titled Tuesday Blitz September 21 2021"]
[White "Gallegos Diaz, Carlos Alberto"]
[Black "De Silva, L M S T"]
[WhiteFideId "3900886"]
[BlackFideId "9953698"]
[WhiteElo "2362"]
[BlackElo "1621"]
[Result "0-1"]
[Round "04"]
[TimeControl "180+1"]
[Date "2021.09.21"]
[WhiteClock "0:00:23"]
[BlackClock "0:01:53"]

1. e4 g6 2. d3 Bg7 3. Nd2 d6 4. Ngf3 Nd7 5. Be2 a6 6. O-O e5 7. Re1 Ne7 8. c3 h6 9. b4 g5 10. a3 Ng6 11. Nf1 g4 12. N3d2 h5 13. Ng3 Nf6 14. d4 Be6 15. Nf5 Bxf5 16. exf5 Ne7 17. Bd3 exd4 18. Ne4 Nxe4 19. Bxe4 dxc3 20. Bg5 f6 21. Bf4 O-O 22. h3 d5 23. Bc2 d4 24. hxg4 h4 25. g5 Qd7 26. Bb3+ Nd5 27. Re7 Qxf5 28. Be5 c6 29. gxf6 Bxf6 30. Qxd4 Bxe7 0-1


[Site "https://www.chess.com"]

[Event "Titled Tuesday Blitz September 21 2021"]
[White "Girinath, P.D.S."]
[Black "Herrera Reyes, Jose Antonio"]
[WhiteFideId "5000572"]
[BlackFideId "2274914"]
[WhiteElo "2333"]
[BlackElo "2361"]
[Result "0-1"]
[Round "04"]
[TimeControl "180+1"]
[Date "2021.09.21"]
[WhiteClock "0:00:01"]
[BlackClock "0:00:13"]

1. e4 c5 2. Nf3 e6 3. d3 b6 4. g3 Bb7 5. Bg2 Qc7 6. O-O d6 7. Re1 Nd7 8. c3 Ngf6 9. Nbd2 Be7 10. a3 a6 11. b4 h5 12. h3 Ne5 13. Nxe5 dxe5 14. Bb2 Rd8 15. Qe2 Qd7 16. Bf1 Qa4 17. Nc4 Nd7 18. d4 h4 19. g4 O-O 20. Nxe5 Nxe5 21. dxe5 Bg5 22. Bc1 Bxc1 23. Rexc1 Rd7 24. f3 Rfd8 25. Ra2 b5 26. Qc2 Qxc2 27. Rcxc2 c4 28. Kf2 Rd1 29. Ke2 R1d3 30. Kf2 Rd1 31. Ke2 R8d3 32. Rd2 R1xd2+ 33. Rxd2 Rxc3 34. Rd8+ Kh7 35. Rd7 Bc6 36. Rc7 Be8 37. Re7 Bc6 38. Rc7 Bxe4 39. fxe4 Rxa3 40. Rxf7 Kh6 41. Kd2 Rb3 42. Be2 Rxb4 43. g5+ Kxg5 44. Rxg7+ Kf4 45. Rg4+ Kxe5 46. Rxh4 Rb2+ 47. Ke3 c3 48. Rh5+ Kd6 49. Bd3 Rh2 50. Kd4 c2 51. Rc5 e5+ 52. Rxe5 c1=Q 53. Rd5+ Ke7 54. e5 Qb2+ 55. Ke4 Rxh3 56. e6 Qg2+ 0-1


[Site "https://www.chess.com"]

[Event "Titled Tuesday Blitz September 21 2021"]
[White "GjakanTati"]
[Black "Schut, Han"]
[BlackFideId "1005561"]
[WhiteElo "2592"]
[BlackElo "2057"]
[Result "1-0"]
[Round "04"]
[TimeControl "180+1"]
[Date "2021.09.21"]
[WhiteClock "0:00:09"]
[BlackClock "0:00:12"]

1. d4 Nf6 2. c4 g6 3. Nf3 Bg7 4. Nc3 d5 5. e3 O-O 6. b3 c5 7. Bb2 cxd4 8. exd4 Nc6 9. Be2 Bg4 10. c5 Ne4 11. O-O Bxf3 12. Bxf3 Nxd4 13. Bxe4 dxe4 14. Nxe4 Nf3+ 15. Qxf3 Bxb2 16. Rad1 Qc7 17. Qh3 Rad8 18. b4 Bg7 19. Qe3 Qe5 20. g3 Qb2 21. a3 a6 22. Nd2 Qd4 23. Qxd4 Rxd4 24. Nb3 Rxd1 25. Rxd1 Bb2 26. Rd7 Bxa3 27. Rxb7 e6 28. c6 Rc8 29. c7 Kg7 30. Nc5 a5 31. Na6 Bxb4 32. Rb8 Rxc7 33. Nxc7 1-0


[Site "https://www.chess.com"]

[Event "Titled Tuesday Blitz September 21 2021"]
[White "Grandelius, Nils"]
[Black "Gontcharov, Vladislav"]
[WhiteFideId "1710400"]
[BlackFideId "4123492"]
[WhiteElo "2651"]
[BlackElo "2503"]
[Result "0-1"]
[Round "04"]
[TimeControl "180+1"]
[Date "2021.09.21"]
[WhiteClock "0:00:17"]
[BlackClock "0:00:07"]

1. c4 Nf6 2. Nc3 g6 3. d4 Bg7 4. Bg5 c5 5. d5 d6 6. e3 O-O 7. Nf3 e6 8. Be2 h6 9. Bh4 exd5 10. cxd5 g5 11. Bg3 Nh5 12. Nd2 Nxg3 13. hxg3 f5 14. Qc2 Nd7 15. O-O-O a6 16. g4 Ne5 17. gxf5 Bxf5 18. Nce4 Bh7 19. Rdf1 c4 20. Kb1 Qb6 21. f4 Qxe3 22. fxe5 Qxe2 23. Re1 Qg4 24. e6 b5 25. Ka1 Rf5 26. e7 Re5 27. Rxh6 Bxe4 28. Nxe4 Rxe7 29. Re6 Rxe6 30. dxe6 Qxe6 31. Re2 Re8 32. Nc3 Qf7 33. Rf2 Re1+ 34. Nb1 Qe6 35. Qd2 Qe5 36. g4 c3 37. bxc3 Qxc3+ 38. Qxc3 Bxc3+ 39. Rb2 Bxb2+ 0-1


[Site "https://www.chess.com"]

[Event "Titled Tuesday Blitz September 21 2021"]
[White "Guliev, Logman"]
[Black "Aradhya, Garg"]
[WhiteFideId "13400061"]
[BlackFideId "25006746"]
[WhiteElo "2128"]
[BlackElo "2146"]
[Result "1-0"]
[Round "04"]
[TimeControl "180+1"]
[Date "2021.09.21"]
[WhiteClock "0:00:37"]
[BlackClock "0:00:03"]

1. e4 e5 2. Nf3 Nc6 3. Bb5 a6 4. Ba4 Nf6 5. O-O b5 6. Bb3 Bc5 7. c3 d6 8. a4 Bd7 9. d4 Bb6 10. Bg5 h6 11. Bxf6 gxf6 12. axb5 axb5 13. Rxa8 Qxa8 14. Na3 Ne7 15. Qd3 Qa6 16. Nc2 Ng6 17. Nb4 Nf4 18. Qe3 Qc8 19. Nd5 Nxd5 20. Bxd5 c5 21. Ra1 Bc6 22. Bxc6+ Qxc6 23. d5 Qc8 24. Nh4 Kd7 25. Nf5 Kc7 26. Qe2 c4 27. b3 Qb7 28. bxc4 Ra8 29. Rb1 bxc4 30. Qxc4+ Kd7 31. Qb5+ Kc7 32. g3 Ra1 33. Qc4+ Bc5 34. Rxa1 Qb2 35. Rf1 Qc2 36. Qb5 Qxe4 37. Qc6+ Kd8 38. Nxd6 Qf3 39. Nb7+ Ke7 40. Qxc5+ Ke8 41. Qc8+ Ke7 42. Qd8# 1-0


[Site "https://www.chess.com"]

[Event "Titled Tuesday Blitz September 21 2021"]
[White "Hamley, Ryan"]
[Black "Iskusnyh, Sergei"]
[WhiteFideId "30959497"]
[BlackFideId "4120027"]
[WhiteElo "2447"]
[BlackElo "2492"]
[Result "1/2-1/2"]
[Round "04"]
[TimeControl "180+1"]
[Date "2021.09.21"]
[WhiteClock "0:00:47"]
[BlackClock "0:00:15"]

1. e4 e6 2. d4 d5 3. Nd2 c5 4. exd5 exd5 5. Ngf3 Nc6 6. Bb5 cxd4 7. Nxd4 Bd7 8. Nxc6 bxc6 9. Bd3 Bd6 10. O-O Nf6 11. Re1+ Be6 12. Nf3 O-O 13. h3 h6 14. c3 c5 15. Be3 Qc7 16. Qa4 Rab8 17. Rab1 Ne4 18. Bxe4 dxe4 19. Qxe4 Bxa2 20. Ra1 Rfe8 21. Qa4 Bd5 22. Qxa7 Bxf3 23. Qxc7 Bxc7 24. gxf3 c4 25. Ra4 Rec8 26. Re2 Bd6 27. Rd2 Be5 28. Kg2 Rc6 29. f4 Bf6 30. Kf3 Rb7 31. Ke4 Kh7 32. Kd5 Rc8 33. Ke4 Re8+ 34. Kf3 Rc8 35. Bd4 Bxd4 36. Rxd4 Rxb2 37. Raxc4 Rxc4 38. Rxc4 Rc2 39. f5 h5 40. Rc7 f6 41. Kg3 Kh6 42. h4 Kh7 43. f3 Rd2 44. c4 Rd4 45. c5 Rd5 46. Kf4 Rd4+ 47. Kg3 Rc4 48. c6 Rc5 49. Rc8 Rxf5 50. c7 Rc5 51. Kf4 Rc3 52. Ke4 Rc4+ 53. Kd5 Rc2 54. Kd6 Rd2+ 55. Ke6 Rc2 56. f4 Rc1 57. Kd7 Rd1+ 58. Ke6 Rc1 59. f5 Re1+ 60. Kf7 Rc1 61. Ke7 Re1+ 62. Kf8 Rc1 63. Kf7 Rc2 64. Ke7 Re2+ 65. Kd6 Rd2+ 66. Kc6 Rc2+ 67. Kd7 Rd2+ 68. Ke7 Re2+ 69. Kd7 Rd2+ 70. Ke7 Re2+ 1/2-1/2


[Site "https://www.chess.com"]

[Event "Titled Tuesday Blitz September 21 2021"]
[White "Dronavalli, Harika"]
[Black "Suvorov, Luca"]
[WhiteFideId "5015197"]
[BlackFideId "12977071"]
[WhiteElo "2422"]
[BlackElo "2127"]
[Result "1-0"]
[Round "04"]
[TimeControl "180+1"]
[Date "2021.09.21"]
[WhiteClock "0:00:55"]
[BlackClock "0:00:06"]

1. Nf3 d5 2. c4 d4 3. g3 c5 4. Bg2 Nc6 5. O-O e5 6. d3 Nf6 7. b4 cxb4 8. a3 bxa3 9. Bxa3 Bxa3 10. Nxa3 O-O 11. Qa4 Qe7 12. Rfb1 a5 13. Nc2 Nd7 14. Rb5 Ra6 15. e3 dxe3 16. Nxe3 Nc5 17. Qa3 Nb4 18. Nd5 Nxd5 19. Qxc5 Qxc5 20. Rxc5 Nb4 21. Nxe5 b6 22. Rc7 Bf5 23. d4 Nc2 24. Rd1 a4 25. Bd5 Be6 26. Bb7 Ra5 27. Nc6 a3 28. Nxa5 bxa5 29. Be4 Nb4 30. d5 Bg4 31. f3 f5 32. fxg4 fxe4 33. d6 Rd8 34. Re7 a2 35. c5 Nc2 36. Rxe4 a1=Q 37. Rxa1 Nxa1 38. c6 Rxd6 39. c7 Rc6 40. Re8+ Kf7 41. c8=Q Rxc8 42. Rxc8 Nb3 43. Ra8 Ke6 44. Ra7 Kd5 45. Rxg7 Kc4 46. Rxh7 Kb4 47. Rb7+ Kc3 48. Ra7 Kb4 49. g5 a4 50. g6 Na5 51. g7 a3 52. g8=Q a2 53. Qxa2 1-0


[Site "https://www.chess.com"]

[Event "Titled Tuesday Blitz September 21 2021"]
[White "Harikrishna, Pentala"]
[Black "Turzo, Attila"]
[WhiteFideId "5007003"]
[BlackFideId "704954"]
[WhiteElo "2614"]
[BlackElo "2487"]
[Result "1-0"]
[Round "04"]
[TimeControl "180+1"]
[Date "2021.09.21"]
[WhiteClock "0:00:44"]
[BlackClock "0:01:04"]

1. Nf3 d5 2. d4 Nf6 3. c4 c6 4. Nc3 e6 5. e3 Nbd7 6. Bd3 dxc4 7. Bxc4 b5 8. Bb3 Bd6 9. e4 e5 10. dxe5 Nxe5 11. Nxe5 Bxe5 12. Qxd8+ Kxd8 13. Bxf7 b4 14. Na4 Nxe4 15. O-O Bd4 16. Rd1 c5 17. Nxc5 Nxc5 18. Rxd4+ Ke7 19. Bd5 Bb7 20. Bg5+ Kf8 21. Rf4+ Ke8 22. Re1+ Kd7 23. Rf7+ Kd6 24. Bxb7 Nxb7 25. Rxb7 Rae8 26. Rxe8 Rxe8 27. Be3 a5 28. a3 bxa3 29. bxa3 g6 30. Ra7 Rc8 31. Rxa5 Ke6 32. h3 Rc2 33. g4 Ra2 34. Kg2 Kf6 35. Kg3 Ke6 36. h4 Kf6 37. h5 gxh5 38. gxh5 Rc2 39. Ra6+ Kf5 40. Ra7 Ra2 41. a4 Ra1 42. a5 Rg1+ 43. Kf3 Rh1 44. Rxh7 Rh3+ 45. Ke2 Rh1 46. a6 Ra1 47. a7 Ra2+ 48. Kf3 Ra3 49. Rh8 Ra1 50. a8=Q 1-0


[Site "https://www.chess.com"]

[Event "Titled Tuesday Blitz September 21 2021"]
[White "Harshavardhan G B"]
[Black "Goltsev, Dmitry"]
[WhiteFideId "25059009"]
[BlackFideId "24176710"]
[WhiteElo "1825"]
[BlackElo "2334"]
[Result "0-1"]
[Round "04"]
[TimeControl "180+1"]
[Date "2021.09.21"]
[WhiteClock "0:00:41"]
[BlackClock "0:01:22"]

1. d4 d5 2. c4 c6 3. Nf3 Nf6 4. Nc3 dxc4 5. a4 Bf5 6. Ne5 Na6 7. f3 Nd7 8. Nxc4 e5 9. e4 exd4 10. Qxd4 Nb4 11. Bd3 Be6 12. Nd6+ Bxd6 13. Qxd6 Nc5 14. Qxd8+ Rxd8 15. Bb1 Nb3 16. Ra3 Nxc1 17. O-O Nb3 18. a5 Nd2 19. Rc1 Nxb1 20. Nxb1 Rd3 21. Ra4 Rb3 22. f4 f6 23. f5 Bf7 24. Nd2 Rxb2 25. Nf3 O-O 26. e5 fxe5 27. Nxe5 Re8 28. Nxf7 Kxf7 29. Rd1 Ree2 30. g4 Nd5 31. a6 b5 32. Ra3 Rg2+ 33. Kh1 Rxh2+ 34. Kg1 Rbg2+ 35. Kf1 Nf4 0-1


[Site "https://www.chess.com"]

[Event "Titled Tuesday Blitz September 21 2021"]
[White "Holt, Conrad"]
[Black "Djokic, Mihailo"]
[WhiteFideId "2034387"]
[BlackFideId "976440"]
[WhiteElo "2586"]
[BlackElo "2008"]
[Result "1-0"]
[Round "04"]
[TimeControl "180+1"]
[Date "2021.09.21"]
[WhiteClock "0:01:42"]
[BlackClock "0:00:09"]

1. d4 Nf6 2. c4 g6 3. Nc3 Bg7 4. e4 d6 5. Nf3 O-O 6. h3 e5 7. dxe5 dxe5 8. Qxd8 Rxd8 9. Bg5 Re8 10. Nd5 Nxd5 11. cxd5 c6 12. Bc4 cxd5 13. Bxd5 Nd7 14. Nd2 Nc5 15. Nc4 Be6 16. Nd6 Reb8 17. O-O-O Bf8 18. Bxe6 Nxe6 19. Be3 b5 20. Rd5 a6 21. Rhd1 Bxd6 22. Rxd6 Rc8+ 23. Kb1 Rc4 24. f3 a5 25. R6d5 b4 26. Rxe5 a4 27. Rc1 Rxc1+ 28. Bxc1 Nd4 29. Be3 Nc6 30. Rc5 Na5 31. Bd2 Nb7 32. Rc7 Nd8 33. Bxb4 Ne6 34. Rd7 Nf4 35. Rd2 h5 36. Bd6 Ne6 37. a3 Ra6 38. Be5 Ra5 39. Bf6 g5 40. Ka2 Kh7 41. Rd5 Rxd5 42. exd5 Nf4 43. d6 Kg6 44. d7 1-0


[Site "https://www.chess.com"]

[Event "Titled Tuesday Blitz September 21 2021"]
[White "Jobava, Baadur"]
[Black "Volkov, Maksim"]
[WhiteFideId "13601520"]
[BlackFideId "54123070"]
[WhiteElo "2731"]
[BlackElo "2113"]
[Result "1-0"]
[Round "04"]
[TimeControl "180+1"]
[Date "2021.09.21"]
[WhiteClock "0:02:38"]
[BlackClock "0:01:54"]

1. b3 e5 2. Bb2 Nc6 3. Nf3 d6 4. d4 e4 5. d5 exf3 6. dxc6 bxc6 7. exf3 Nf6 8. Bd3 Be7 9. O-O O-O 10. Re1 Be6 11. Nd2 Nd5 12. g3 Bf6 13. Bxf6 Qxf6 14. Ne4 Qh6 15. f4 Rfe8 16. Ng5 Nf6 17. Nxe6 fxe6 18. Qf3 Nd5 19. Re2 Qf6 20. Rae1 Re7 21. c4 Nb4 22. Bb1 d5 23. a3 Na6 24. cxd5 cxd5 25. Qd3 Nc5 26. Qxh7+ Kf7 27. b4 Na4 28. Qh5+ Kg8 29. Bg6 1-0


[Site "https://www.chess.com"]

[Event "Titled Tuesday Blitz September 21 2021"]
[White "Karacsonyi, Gellert"]
[Black "Manukyan, Artyom"]
[WhiteFideId "764620"]
[BlackFideId "13305786"]
[WhiteElo "2215"]
[BlackElo "2034"]
[Result "0-1"]
[Round "04"]
[TimeControl "180+1"]
[Date "2021.09.21"]
[WhiteClock "0:00:05"]
[BlackClock "0:00:08"]

1. e4 e5 2. Nf3 Nc6 3. Bb5 a6 4. Bxc6 dxc6 5. O-O Bg4 6. h3 h5 7. d3 Qf6 8. Nbd2 Ne7 9. Re1 Ng6 10. d4 Nf4 11. hxg4 hxg4 12. g3 gxf3 13. Qxf3 Ne6 14. dxe5 Qxe5 15. c3 g6 16. Nc4 Qc5 17. b3 Bg7 18. Be3 Qh5 19. Qxh5 Rxh5 20. Rac1 O-O-O 21. Re2 Rd3 22. Rec2 b6 23. Kg2 Kb7 24. Nb2 Rd8 25. Rd2 Rdh8 26. Nd3 c5 27. c4 Bd4 28. Re2 Bxe3 29. Rxe3 Rh2+ 30. Kf3 Nd4+ 31. Kf4 f6 32. Ree1 g5+ 33. Ke3 Re8 34. Rh1 Nf5+ 35. Kf3 Nd4+ 36. Ke3 Nf5+ 37. Kd2 Rxh1 38. Rxh1 Rxe4 39. Rh8 Nd4 40. Nc1 Nf3+ 41. Kd3 f5 42. Rf8 Re1 43. Ne2 Rd1+ 44. Ke3 Nd4 45. Nxd4 cxd4+ 46. Ke2 Ra1 47. Rxf5 Rxa2+ 48. Kd3 Rb2 49. Kxd4 Rxb3 50. g4 a5 51. Rxg5 Rf3 52. Rh5 Rf4+ 53. Ke5 Rxg4 54. f4 a4 55. Rh3 Kc6 56. Ra3 b5 57. cxb5+ Kxb5 58. Ra1 c5 59. f5 Rg2 60. f6 Re2+ 61. Kd5 Rd2+ 62. Ke5 Rf2 63. Rb1+ Ka5 64. Rb8 c4 65. Ra8+ Kb4 66. Rb8+ Ka3 67. Kd4 Rf4+ 68. Kc3 Ka2 69. Ra8 a3 70. f7 Rxf7 71. Kxc4 Rb7 72. Kc3 Rb3+ 73. Kc2 Rb7 74. Kc3 Rc7+ 75. Kd2 Kb2 76. Rb8+ Ka2 77. Rb6 Rc5 78. Rb8 Rc6 79. Rb7 Ka1 80. Rb8 Rc5 81. Rb7 a2 82. Rb8 Rc6 83. Rb7 Rd6+ 84. Kc2 Rc6+ 85. Kd2 Rc8 86. Rb6 Rc5 87. Rb7 Rc4 88. Rb8 Rh4 89. Kc2 Rh2+ 90. Kc3 Rh3+ 91. Kc2 Rh2+ 92. Kc3 Rh1 93. Kc2 Rb1 94. Rg8 Rf1 95. Rb8 Rf2+ 96. Kc3 Rh2 97. Rb7 Rh3+ 98. Kc2 Rh2+ 99. Kc3 Rh1 100. Rb6 Rc1+ 101. Kd2 Rb1 102. Rh6 Kb2 103. Rb6+ Ka3 104. Ra6+ Kb3 105. Rb6+ Kc4 0-1


[Site "https://www.chess.com"]

[Event "Titled Tuesday Blitz September 21 2021"]
[White "Khusnutdinov, Rustam"]
[Black "Leitao, Rafael"]
[WhiteFideId "13701703"]
[BlackFideId "2101246"]
[WhiteElo "2924"]
[BlackElo "2731"]
[Result "1-0"]
[Round "04"]
[TimeControl "180+1"]
[Date "2021.09.21"]
[WhiteClock "0:00:45"]
[BlackClock "0:00:33"]

1. d4 Nf6 2. c4 e6 3. Nc3 Bb4 4. g3 c5 5. Nf3 b6 6. Bg2 Bb7 7. O-O cxd4 8. Qxd4 Nc6 9. Qf4 O-O 10. Rd1 Bxc3 11. bxc3 Rc8 12. Ba3 Re8 13. Rd2 Na5 14. Ne5 Bxg2 15. Kxg2 d5 16. cxd5 exd5 17. Bb4 Qc7 18. Bxa5 bxa5 19. Nd3 Ne4 20. Rc2 d4 21. Qxc7 Rxc7 22. c4 f5 23. c5 Rec8 24. Rac1 Kf7 25. Rc4 Rd8 26. R1c2 Rd5 27. Ra4 Nxc5 28. Rxa5 1-0


[Site "https://www.chess.com"]

[Event "Titled Tuesday Blitz September 21 2021"]
[White "Kislov, Oleg"]
[Black "Savchenko, Boris"]
[WhiteFideId "13503774"]
[BlackFideId "4147332"]
[WhiteElo "2252"]
[BlackElo "2543"]
[Result "0-1"]
[Round "04"]
[TimeControl "180+1"]
[Date "2021.09.21"]
[WhiteClock "0:00:03"]
[BlackClock "0:00:08"]

1. e4 c5 2. Nf3 d6 3. c3 Nf6 4. Be2 g6 5. O-O Bg7 6. Bb5+ Nbd7 7. Re1 a6 8. Bf1 b5 9. d4 cxd4 10. cxd4 Nb6 11. b3 Bb7 12. Nbd2 O-O 13. Bb2 b4 14. Bd3 Nfd7 15. Rc1 a5 16. h4 e6 17. h5 Bh6 18. Rc2 a4 19. hxg6 hxg6 20. Nc4 Nxc4 21. bxc4 Qa5 22. c5 dxc5 23. d5 exd5 24. exd5 Rae8 25. Rce2 Rxe2 26. Rxe2 a3 27. Ba1 Qb6 28. Bc4 Bg7 29. Bxg7 Kxg7 30. d6 Bxf3 31. gxf3 Nf6 32. Re7 Qd8 33. f4 Ng8 34. Qa1+ Kh7 35. Bxf7 Nxe7 36. Qf6 Qxd6 37. Qxd6 Rxf7 38. Qe6 Kg7 39. Qe5+ Kf8 40. Qxc5 Rxf4 41. Qe5 Rg4+ 42. Kf1 Kf7 43. Qe3 Nf5 44. Qb3+ Kf6 45. Ke2 Nd4+ 0-1


[Site "https://www.chess.com"]

[Event "Titled Tuesday Blitz September 21 2021"]
[White "Krivonosov, Oleg"]
[Black "Kollars, Dmitrij"]
[WhiteFideId "11600349"]
[BlackFideId "12909572"]
[WhiteElo "2729"]
[BlackElo "2894"]
[Result "1/2-1/2"]
[Round "04"]
[TimeControl "180+1"]
[Date "2021.09.21"]
[WhiteClock "0:00:17"]
[BlackClock "0:00:07"]

1. Nf3 d5 2. d4 Nf6 3. c4 e6 4. g3 dxc4 5. Qa4+ Nbd7 6. Bg2 a6 7. Nc3 Rb8 8. Qxc4 b5 9. Qd3 Bb7 10. O-O Be7 11. Bg5 c5 12. dxc5 Nxc5 13. Qxd8+ Rxd8 14. Rac1 O-O 15. Ne5 Bxg2 16. Kxg2 Rc8 17. Rfd1 h6 18. Be3 b4 19. Nb1 Rfe8 20. Bxc5 Rxc5 21. Nd3 Ra5 22. Nd2 Rxa2 23. Ra1 Rxa1 24. Rxa1 Ra8 25. Ra4 Nd5 26. Nc4 Rc8 27. Nce5 f6 28. Ng6 Kf7 29. Nxe7 Kxe7 30. Rxa6 Rc2 31. Ra7+ Kf8 32. Kf1 h5 33. Rb7 g5 34. Nxb4 Rxb2 35. Rb8+ Kg7 36. Nc6 Rc2 37. Rb7+ Kf8 38. Nd4 Rc1+ 39. Kg2 e5 40. Ne6+ Ke8 41. Ng7+ Kf8 42. Nxh5 Rc6 43. e4 Nc3 44. f3 Ne2 45. Kh3 Nd4 46. Kg4 Kg8 47. h4 gxh4 48. gxh4 Kf8 49. Ng3 Rc1 50. h5 Rg1 51. h6 Kg8 52. Kh3 Nxf3 53. Nh5 Ng5+ 54. Kh2 Nf3+ 55. Kh3 Rh1+ 56. Kg4 Rh4+ 57. Kxf3 Rxh5 58. Kg4 Rg5+ 59. Kh4 Rg1 60. Kh5 Rg5+ 61. Kh4 Rg1 62. Kh5 Rg5+ 63. Kh4 1/2-1/2


[Site "https://www.chess.com"]